 Dungeon Crawl Stone Soup version 0.27.0-1-g7a089689b8 (webtiles) character file.

Game seed: 13461340129160875000

35 Crazydiamond the Ruffian (level 3, 0/31 HPs)
             Began as a Naga Transmuter on Aug 16, 2021.
             Slain by an adder (1 damage)
             ... on level 2 of the Dungeon.
             The game lasted 00:01:37 (1524 turns).

Crazydiamond the Ruffian (Naga Transmuter)          Turns: 1524, Time: 00:01:38

Health: 0/31       AC:  2    Str: 12    XL:     3   Next: 33%
Magic:  6/6        EV:  9    Int: 14    God:
Gold:   0          SH:  0    Dex: 11    Spells: 5/6 levels left

rFire    . . .     SeeInvis +     - Unarmed
rCold    . . .     Faith    .   (no shield)
rNeg     . . .     Spirit   .   a - +0 robe
rPois    +         Reflect  .   (no helmet)
rElec    .         Harm     .   (no cloak)
rCorr    .         Rampage  .   (no gloves)
Will     .....                  (no barding)
Stlth    +.........             (no amulet)
HPRegen  0.10/turn              (no ring)
MPRegen  0.10/turn              (no ring)

@: very slow
A: AC +1, large, see invisible, deformed body, poison resistance, slowness 2,
spit poison 1, naga tail 1
a: Spit Poison


You were on level 2 of the Dungeon.
You visited 1 branch of the dungeon, and saw 2 of its levels.

Inventory:

Armour
 a - a +0 robe (worn)
Scrolls
 b - a scroll of teleportation {unknown}
 d - a scroll of identify {unknown}
 e - a scroll of noise {unknown}
Potions
 c - a potion of berserk rage {unknown}


   Skills:
 + Level 1.1 Fighting
 + Level 1.6 Dodging
 + Level 0.5 Stealth
 + Level 3.4 Unarmed Combat
 + Level 2.4 Spellcasting
 + Level 2.5 Transmutations


You had 5 spell levels left.
You knew the following spells:

 Your Spells              Type           Power      Damage    Failure   Level
a - Beastly Appendage     Tmut           16%        N/A       9%          1

Your spell library contained the following spells:

 Spells                   Type           Power      Damage    Failure   Level
 Wereblood                Tmut           8%         N/A       12%         2
 Spider Form              Tmut/Pois      2%         N/A       38%         3
 Ice Form                 Ice/Tmut       5%         N/A       80%         4


Dungeon Overview and Level Annotations

Branches:
Dungeon (2/15)

Altars:


Innate Abilities, Weirdness & Mutations

Your serpentine skin is tough. (AC +1)
You have supernaturally acute eyesight. (SInv)
Armour fits poorly on your strangely shaped body.
Your system is resistant to poisons. (rPois)
You cover ground very slowly.
You can spit poison.
You have a snake-like lower body.


Message History

The adder barely misses you. The adder bites you.
You miss the adder.
The adder is moderately wounded.
The adder bites you.
You are poisoned.
The adder poisons you!
You hit the adder.
The adder is almost dead.
You feel sick. The adder bites you but does no damage.
You hit the adder.
You kill the adder!
You feel sick. The adder bites you.
* * * LOW HITPOINT WARNING * * *
Press: ? - help, Shift-Dir - straight line, f - adder
Aim: an adder The splash of poison misses the adder.
The splash of poison hits the endoplasm.
The endoplasm is severely wounded.
You feel sick. The adder bites you but does no damage.
You closely miss the adder.
You feel sick. The adder bites you.
* * * LOW HITPOINT WARNING * * *
You hit the adder.
The adder is moderately wounded.
You feel sick.
You are no longer poisoned.
The adder barely misses you. The adder bites you.
* * * LOW HITPOINT WARNING * * *
You barely miss the adder.
The adder is moderately wounded.
Your horns disappear.
The adder bites you but does no damage.
You barely miss the adder.
The adder is moderately wounded.
You have got your breath back.
The adder bites you.
* * * LOW HITPOINT WARNING * * *
You hit the adder but do no damage.
The adder is moderately wounded.
The adder bites you.
You die...

#........# #
#.###........#
#
............##
#
##.####.#####
# #.# # #.# #
#.# # #.# #
#@# # #S# #
.J. # ..... #
....... #
......... #
........... ##
...(....#####
#. #.


You could see an adder and an endoplasm.

Vanquished Creatures
  2 adders (D:2)
  2 bats (D:1)
  An endoplasm (D:1)
  A giant cockroach (D:2)
  2 goblins (D:1)
  2 hobgoblins
  A kobold (D:1)
  2 ball pythons (D:1)
  3 rats
16 creatures vanquished.

Notes
Turn   | Place    | Note
-------+----------+-------------------------------------------
     0 | D:1      | Crazydiamond the Naga Transmuter began the quest for the
                  | Orb.
     0 | D:1      | Reached XP level 1. HP: 18/18 MP: 3/3
   292 | D:1      | Reached XP level 2. HP: 20/25 MP: 3/5
  1061 | D:1      | Found a faded altar of an unknown god.
  1450 | D:2      | Reached XP level 3. HP: 29/31 MP: 4/6
  1521 | D:2      | HP: 1/31 [adder (4)]
  1524 | D:2      | Slain by an adder

Illustrated notes

Levels and vault maps discovered:
D:1:      lemuel_arrival_room, layout_loops_corners,
          shapermc_ecumenical_altar_petra
D:2:      layout_basic, serial_bayou, serial_bayou_pond_d,
          serial_bayou_lagoon_a, serial_bayou_crossing, serial_bayou_shore_b

Action                   || total
-------------------------++-------
Melee: Unarmed           ||    53
       Headbutt          ||     5
 Cast: Beastly Appendage ||    13
 Abil: Spit Poison       ||     1
Armor: Robe              ||    10
Dodge: Dodged            ||    23
